cohdb
Replays
Latest Replays
All Replays
Popular Replays
Top Player Replays
Match Explorer
How It Works
Community
CoH3 Stats
Reddit
Sign in to upload your games and track your stats! →
Sign in with Steam
Match 43589122
Unlisted
Match 43589122
Overview
Messages
Build Orders
End
Construct Infanterie Kompanie
Kettenkrad Recon Vehicle
MG 42 Machine Gun Team
Selects Terror Battlegroup
Selects Machine Gun Camouflage
GrW 34 Mortar Team
Selects Machine Gun Camouflage
Grenadier Squad
Grenadier Squad
Construct Panzergrenadier Kompanie
Pak 40 Anti-tank Gun Team
251 Medium Carrier
Selects Defend the Fatherland
Construct Panzer Kompanie
Stoßtruppen Squad
Panzer Officer Quarters
Support Elements
Panzer IV Medium Tank
Nebelwerfer 42 Rocket Launcher Team
Pak 40 Anti-tank Gun Team
Selects King Tiger Heavy Tank
Selects Interrogate
King Tiger Heavy Tank
Selects Propaganda Leaflet Drop
Propaganda Leaflet Drop
Defend the Fatherland
XperiaLife
Gwangju's Hero Chun Doo-gwang
leaf
first pig
youngest pig
second pig
0
0
Comments
sign in to comment!
No comments posted yet!